 Dungeon Crawl Stone Soup version 0.31.0-32-g396128a36d (webtiles) character file.

Game seed: 12137687027194281665

10369 diceflayer the Fighter (level 11, -8/100 HPs)
             Began as a Demonspawn Fighter on Apr 22, 2024.
             Was a High Priest of Okawaru.
             Mangled by a wolf spider simulacrum (27 damage)
             ... in a Gauntlet on Apr 23, 2024.
             The game lasted 00:11:14 (9346 turns).

diceflayer the Fighter (Demonspawn Fighter)         Turns: 9346, Time: 00:11:16

Health: -8/100     AC:  8    Str: 21    XL:     11   Next: 35%
Magic:  11/11      EV: 19    Int:  8    God:    Okawaru [*****.]
Gold:   484        SH:  0    Dex: 13    Spells: 9/10 levels left

rFire   . . .        I - +1 broad axe (heavy)
rCold   . . .        (no shield)
rNeg    . . .        d - +1 troll leather armour {Pargi}
rPois   .            g - +0 helmet
rElec   .            u - +0 cloak
rCorr   .            (gloves unavailable)
SInv    .            j - +2 pair of slick slippers {slick, slippery, EV+4}
Will    +....        (no amulet)
Stlth   +            m - ring of protection from cold
HPRegen 1.16/turn    e - ring of willpower
MPRegen 0.12/turn

%: no teleportation, repel missiles, clarity
@: no status effects
A: repulsion field 3, spiny 1, demonic magic 2, demonic touch 3, clarity, wild
magic 1, cold vulnerability 1
a: Renounce Religion, Heroism, Finesse, Duel


You were in a Gauntlet.
You worshipped Okawaru.
Okawaru was extremely pleased with you.
You visited 2 branches of the dungeon, and saw 12 of its levels.
You also visited: Sewer, Ossuary and Gauntlet.

You collected 484 gold pieces.

Inventory:

Hand Weapons
 a - a +1 war axe
 b - a +1 whip of flaming
 I - a +1 heavy broad axe (weapon)
Missiles
 w - 2 throwing nets (quivered)
Armour
 d - a +1 troll leather armour (worn) {Pargi}
 g - a +0 helmet (worn)
 j - the +2 pair of slick slippers (worn) {slick, slippery, EV+4}
   (You acquired it on level 5 of the Dungeon)

   Slick:     Its wearer cannot be constricted, engulfed, netted or webbed.
   Slippery:  Its wearer slips away from damaging melee attacks, pulling the
   attacker onward.
   EV+4:      It affects your evasion (+4).
 u - a +0 cloak (worn)
 v - a +0 plate armour
 A - the +1 robe of the Puckish God {rPois Will+ Str+2 Int-2}
   (You found it on level 7 of the Dungeon)

   Str+2:     It affects your strength (+2).
   Int-2:     It affects your intelligence (-2).
   rPois:     It protects you from poison Will+: It increases your willpower.
Jewellery
 c - a ring of protection from cold
 e - a ring of willpower (right hand)
 m - a ring of protection from cold (left hand)
Wands
 o - a wand of roots (5)
 E - a wand of mindburst (11)
 G - a wand of flame (8)
Scrolls
 i - a scroll of silence
 x - 3 scrolls of noise
 y - 2 scrolls of vulnerability
 z - 4 scrolls of poison
 C - a scroll of blinking
 D - 2 scrolls of enchant weapon
 F - a scroll of immolation
 J - a scroll of teleportation
Potions
 f - 4 potions of heal wounds
 h - 3 potions of magic
 k - 2 potions of lignification
 l - 3 potions of degeneration
 n - 2 potions of mutation
 p - 4 potions of enlightenment
 q - 3 potions of curing
 r - a potion of invisibility
 s - 2 potions of brilliance {unknown}
 t - 4 potions of might
 H - 2 potions of resistance {unknown}
 K - a potion of cancellation {unknown}


   Skills:
 - Level 14.2 Fighting
 + Level 10.6 Axes
 - Level 2.6 Armour
 - Level 2.6 Shields


You had 9 spell levels left.
You knew the following spells:

 Your Spells              Type           Power      Damage    Failure   Level
a - Slow                  Hex            0%         N/A       54%         1

Your spell library contained the following spells:

 Spells                   Type           Power      Damage    Failure   Level
 Magic Dart               Conj           0%         1d3       54%         1
 Shock                    Conj/Air       0%         1d3       54%         1
 Sting                    Conj/Alch      0%         1d3       54%         1
 Jinxbite                 Hex            0%         N/A       67%         2
 Mercury Vapours          Alch/Air       0%         N/A       67%         2
 Searing Ray              Conj           0%         2d4       67%         2
 Confusing Touch          Hex            0%         N/A       88%         3
 Sigil of Binding         Hex            0%         N/A       88%         3
 Swiftness                Air            0%         N/A       88%         3
 Vampiric Draining        Necr           0%         2d6       88%         3
 Airstrike                Air            0%         2d(0-16)  99%         4
 Fulminant Prism          Conj/Alch      0%         3d5       99%         4
 Olgreb's Toxic Radiance  Alch           0%         N/A       99%         4
 Yara's Violent Unravell  Hex/Alch       0%         3d3       100%        5
 Enfeeble                 Hex            0%         N/A       100%        7


Dungeon Overview and Level Annotations

Branches:
Dungeon (11/15)            Temple (1/1) D:5            Lair (0/5) D:10
    Orc (0/2) D:10          Sewer (visited)         Ossuary (visited)
Gauntlet (1/1)

Altars:
Ashenzari
Cheibriados
Dithmenos
Fedhas
Gozag
Hepliaklqana
Kikubaaqudgha
Makhleb
Nemelex Xobeh
Okawaru
Qazlal
Ru
Sif Muna
Trog
Uskayaw
Vehumet
Wu Jian
Xom
Yredelemnul

Shops:
D:7 :   D:10 [

Portals:
Trove: D:11 (give 7 scrolls of fear)

Annotations:
D:4 3 runed translucent doors, raggen's ghost, amateur DsRe
D:8 2 transporters, SPinguin's ghost, novice MiBe Gauntlet 13 transporters, 3 runed translucent doors


Innate Abilities, Weirdness & Mutations

You are surrounded by a strong repulsion field. (EV +4, RMsl)
You are partially covered in sharp spines.
Spells you cast may paralyse nearby enemies.
Your touch may irresistibly damage your foes and sap their willpower.
You possess an exceptional clarity of mind.
Your spells are a little harder to cast, but a little more powerful.
You are vulnerable to cold. (rC-)


Message History

The centaur warrior simulacrum kicks you.
The centaur warrior simulacrum freezes you!
The centaur warrior simulacrum is struck by your spines.
The centaur warrior simulacrum completely misses you.
The centaur warrior simulacrum closely misses you.
The centaur warrior simulacrum barely misses you.
The centaur warrior simulacrum closely misses you.
The centaur warrior simulacrum hits you but does no damage.
The centaur warrior simulacrum barely misses you.
You slice the centaur warrior simulacrum!!
The centaur warrior simulacrum vaporises!
Okawaru accepts your kill.
You slash the wolf spider simulacrum!
You slice the centaur warrior simulacrum!!
The centaur warrior simulacrum is struck by your spines.
The centaur warrior simulacrum closely misses you.
The centaur warrior simulacrum completely misses you.
The wolf spider simulacrum is struck by your spines.
The wolf spider simulacrum closely misses you.
The wolf spider simulacrum completely misses you.
The centaur warrior simulacrum barely misses you.
The centaur warrior simulacrum closely misses you.
The wolf spider simulacrum hits you.
The wolf spider simulacrum freezes you!!
The wolf spider simulacrum bites you.
The wolf spider simulacrum freezes you!!
* * * LOW HITPOINT WARNING * * *
The cane toad simulacrum is struck by your spines.
The cane toad simulacrum barely misses you.
You are too injured to fight recklessly!
Unknown command.
You are too injured to fight recklessly!
Unknown command.
You feel much better. The wolf spider simulacrum hits you.
The wolf spider simulacrum freezes you!
* * * LOW HITPOINT WARNING * * *
The wolf spider simulacrum bites you.
* * * LOW HITPOINT WARNING * * *
The wolf spider simulacrum freezes you!!
You die...

#≈≈.#########.≈≈#
##≈.#8..©#....≈##
##.#©...#.8..##
##≈.#8..©#....≈##
#≈≈.#########.≈≈#
##≈.#.#.©.Z.#.≈##
##.#.#.!##.#.##
##≈.#..##..##.≈##
#≈≈.##..Z@Z##.≈≈#
##≈.##..##Z.#.≈##
##.#.##..#.#.##
##≈.#.....#.#.≈##
#≈≈.#########.≈≈#
##≈.....©.....≈##
##...........##
#≈...∩...∩...≈#
#≈≈≈#≈≈≈#≈≈≈#≈≈≈#


You could see a cane toad simulacrum, a wolf spider simulacrum and a centaur
warrior simulacrum.

Vanquished Creatures
  Amaemon (D:9)
  Pikel (D:5)
  Maurice (D:8)
  A manticore (D:11)
  Joseph (D:8)
  An orange demon (D:9)
  Maggie (D:8)
  A komodo dragon (D:10)
  Psyche (D:8)
  A troll (D:10)
  Grinder (D:5)
  Sigmund (D:4)
  A centaur simulacrum (Gauntlet)
  A shadow (D:10)
  A wraith (D:6)
  8 yaks
  3 wyverns
  A steam dragon (D:9)
  4 vampire mosquitoes (D:10)
  A water moccasin (D:9)
  Pargi (D:3)
  3 sky beasts
  3 ogres
  5 centaurs
  A lemure (D:5)
  5 kobold brigands
  Blork the orc (D:5)
  2 bullfrogs
  4 scorpions
  5 wights (D:8)
  12 killer bees (D:9)
  An electric eel (D:9)
  A gnoll bouda (D:5)
  2 hounds
  2 jellies
  4 bombardier beetles
  3 human zombies (Ossuary)
  5 orc priests
  3 iguanas
  Terence (D:2)
  7 orc wizards
  A sleepcap (D:7)
  3 hound zombies (Ossuary)
  4 mummies (Ossuary)
  3 river rats (Sewer)
  8 adders
  8 gnolls
  A shadow imp (D:5)
  2 white imps
  3 ufetubi (D:5)
  3 dart slugs
  49 orcs
  A bat (D:2)
  6 endoplasms
  2 giant cockroaches
  2 gnoll zombies (Ossuary)
  7 goblins
  10 hobgoblins
  A jackal (Sewer)
  25 kobolds
  4 quokkas (D:1)
  8 ball pythons
  2 frilled lizards
  A hobgoblin zombie (Ossuary)
  A jackal zombie (Ossuary)
  An orc zombie (Ossuary)
  9 rats
  A rat zombie (Ossuary)
269 creatures vanquished.

Notes
Turn   | Place    | Note
-------+----------+-------------------------------------------
     0 | D:1      | diceflayer the Demonspawn Fighter began the quest for the
                  | Orb.
     0 | D:1      | Reached XP level 1. HP: 18/18 MP: 1/1
    97 | D:1      | Gained mutation: You are surrounded by a mild repulsion
                  | field. (EV +2) [demonic ancestry]
    97 | D:1      | Reached XP level 2. HP: 24/24 MP: 2/2
   721 | D:1      | Gained mutation: You are surrounded by a moderate repulsion
                  | field. (EV +3) [demonic ancestry]
   721 | D:1      | Reached XP level 3. HP: 29/29 MP: 3/3
   922 | D:2      | Noticed Terence
   934 | D:2      | Killed Terence
  1131 | D:2      | Gained mutation: You are partially covered in sharp spines.
                  | [demonic ancestry]
  1131 | D:2      | Reached XP level 4. HP: 31/35 MP: 4/4
  1886 | D:3      | Found a glowing drain.
  1888 | D:3      | Noticed Pargi
  1907 | D:3      | Killed Pargi
  1908 | D:3      | Reached skill level 5 in Axes
  1908 | D:3      | Gained mutation: Spells you cast may paralyse adjacent
                  | enemies. [demonic ancestry]
  1908 | D:3      | Reached XP level 5. HP: 16/41 MP: 5/5
  1942 | Sewer    | Entered a sewer
  1946 | Sewer    | Gained mutation: Your touch may inflict minor irresistible
                  | damage on your foes. [demonic ancestry]
  1946 | Sewer    | Reached XP level 6. HP: 25/47 MP: 6/6
  2109 | Sewer    | Reached skill level 4 in Fighting
  2747 | D:4      | Found an iron altar of Okawaru.
  2758 | D:4      | Reached skill level 5 in Fighting
  2758 | D:4      | Gained mutation: Your touch may inflict irresistible damage
                  | on your foes. [demonic ancestry]
  2758 | D:4      | Reached XP level 7. HP: 55/56 MP: 7/7
  2777 | D:4      | Found a radiant altar of Vehumet.
  2837 | D:4      | Became a worshipper of Warmaster Okawaru
  2879 | D:4      | Found a runed translucent gate.
  2879 | D:4      | Found a runed translucent gate.
  2879 | D:4      | Found a runed translucent gate.
  2880 | D:4      | Noticed raggen's ghost (amateur DsRe)
  2976 | D:4      | Noticed Sigmund
  2983 | D:4      | Killed Sigmund
  2984 | D:4      | Reached skill level 6 in Fighting
  3430 | D:5      | Entered Level 5 of the Dungeon
  3440 | D:5      | Reached * piety under Okawaru
  3441 | D:5      | Reached skill level 7 in Fighting
  3524 | D:5      | Gained mutation: You are surrounded by a strong repulsion
                  | field. (EV +4, RMsl) [demonic ancestry]
  3524 | D:5      | Reached XP level 8. HP: 68/68 MP: 8/8
  3529 | D:5      | Noticed Pikel
  3540 | D:5      | Killed Pikel
  3541 | D:5      | Reached skill level 9 in Fighting
  3768 | D:5      | Noticed Grinder
  3775 | D:5      | Killed Grinder
  3775 | D:5      | Reached ** piety under Okawaru
  3776 | D:5      | Reached skill level 10 in Fighting
  3930 | D:5      | Reached XP level 9. HP: 74/79 MP: 9/9
  4033 | D:5      | Found a staircase to the Ecumenical Temple.
  4074 | Temple   | Entered the Ecumenical Temple
  4182 | D:5      | Noticed Blork the orc
  4188 | D:5      | Killed Blork the orc
  4277 | D:5      | Identified a scroll of acquirement
  4277 | D:5      | Acquired the +2 pair of slick slippers {slick, slippery,
                  | EV+4}
  4277 | D:5      | Found the +2 pair of slick slippers {slick, slippery, EV+4}
  4287 | D:5      | Gained mutation: You are vulnerable to cold. (rC-) [potion
                  | of mutation]
  4287 | D:5      | Gained mutation: Your spells are a little harder to cast,
                  | but a little more powerful. [potion of mutation]
  4287 | D:5      | Gained mutation: You possess an exceptional clarity of
                  | mind. [potion of mutation]
  4313 | D:6      | Reached skill level 11 in Fighting
  4621 | D:6      | Found a shimmering altar of Xom.
  5044 | D:7      | Reached *** piety under Okawaru
  5047 | D:7      | Identified the +1 robe of the Puckish God {rPois Will+
                  | Str+2 Int-2}
  5232 | D:7      | Found Sarig's Tremendous Tomes.
  5499 | D:7      | Found a shimmering blue altar of Sif Muna.
  5655 | D:7      | Found a sand-covered staircase.
  5660 | Ossuary  | Entered an ossuary
  5668 | Ossuary  | Reached skill level 12 in Fighting
  6383 | D:8      | Reached skill level 13 in Fighting
  6559 | D:8      | Found a transporter.
  6571 | D:8      | Found a transporter.
  6572 | D:8      | Noticed SPinguin's ghost (novice MiBe)
  6626 | D:8      | Noticed Psyche
  6647 | D:8      | Killed Psyche
  6647 | D:8      | Reached **** piety under Okawaru
  6648 | D:8      | Gained mutation: Spells you cast may paralyse nearby
                  | enemies. [demonic ancestry]
  6648 | D:8      | Reached XP level 10. HP: 79/92 MP: 10/10
  6677 | D:8      | Learned a level 1 spell: Slow
  6798 | D:8      | Noticed Maggie
  6808 | D:8      | Killed Maggie
  6902 | D:8      | Noticed Joseph
  6910 | D:8      | Noticed Maurice
  6911 | D:8      | Killed Joseph
  6917 | D:8      | Something stole a ring of protection from cold
  6917 | D:8      | Something stole a +1 whip of flaming
  6918 | D:8      | Something stole 2 throwing nets
  6919 | D:8      | Something stole 349 gold
  6923 | D:8      | Killed Maurice
  6924 | D:8      | Reached skill level 14 in Fighting
  7378 | D:9      | Noticed Amaemon
  7379 | D:9      | Noticed an orange demon
  7389 | D:9      | Killed Amaemon
  7389 | D:9      | Reached ***** piety under Okawaru
  7392 | D:9      | Killed an orange demon
  8004 | D:9      | Found a sacrificial altar of Ru.
  8004 | D:9      | Found a burning altar of Makhleb.
  8181 | D:10     | Entered Level 10 of the Dungeon
  8208 | D:10     | Gained mutation: Your touch may irresistibly damage your
                  | foes and sap their willpower. [demonic ancestry]
  8208 | D:10     | Reached XP level 11. HP: 90/100 MP: 11/11
  8217 | D:10     | Received a gift from Okawaru
  8381 | D:10     | Found a staircase to the Lair.
  8406 | D:10     | Reached skill level 10 in Axes
  8495 | D:10     | Found a shadowy altar of Dithmenos.
  8584 | D:10     | Found a hazy altar of Hepliaklqana.
  8586 | D:10     | Found a sparkling altar of Nemelex Xobeh.
  8618 | D:10     | Found Ocvop's Armour Shop.
  8627 | D:10     | Found a staircase to the Orcish Mines.
  9148 | D:11     | Found a portal to a secret trove of treasure.
  9190 | D:11     | Found a gate leading to a gauntlet.
  9200 | Gauntlet | Entered a Gauntlet
  9200 | Gauntlet | Found a transporter.
  9209 | Gauntlet | Found a transporter.
  9212 | Gauntlet | Found a transporter.
  9213 | Gauntlet | Found a transporter.
  9219 | Gauntlet | Found a runed translucent gate.
  9219 | Gauntlet | Found a runed translucent gate.
  9219 | Gauntlet | Found a runed translucent gate.
  9221 | Gauntlet | Found a transporter.
  9224 | Gauntlet | Found a transporter.
  9225 | Gauntlet | Found a transporter.
  9234 | Gauntlet | Found a transporter.
  9237 | Gauntlet | Found a transporter.
  9238 | Gauntlet | Found a transporter.
  9249 | Gauntlet | Found a transporter.
  9250 | Gauntlet | Found a transporter.
  9251 | Gauntlet | Found a transporter.
  9258 | Gauntlet | Found a transporter.
  9258 | Gauntlet | Noticed a red ugly thing
  9258 | Gauntlet | Noticed a glowing orange brain
  9346 | Gauntlet | Mangled by a wolf spider simulacrum

Illustrated notes

Levels and vault maps discovered:
D:1:      erik_arrival_orb_chamber, layout_loops_ring
D:2:      layout_basic, chequers_garden, uniq_terence
D:3:      layout_basic, portal_sewer_entry_a, uniq_pargi
D:4:      layout_loops_cross, minitemple, gammafunk_ghost_nasty_kobolds,
          uniq_sigmund
D:5:      layout_loops_corners, minmay_temple_entry_stoned_glass,
          serial_demonic, serial_demonic_d, serial_demonic_e, serial_demonic_g,
          serial_demonic_b, uniq_pikel, uniq_grinder, uniq_blork_the_orc
D:6:      layout_loops_ring, lemuel_round_altar
D:7:      layout_layer_cave, mainiacjoe_overflow_boulevard,
          nicolae_ossuary_entry_false_entrances, nicolae_shop_i_like_big_books
D:8:      layout_loops_corners, overflow_temple_1_default, nzn_ghost_randoct,
          uniq_joseph, uniq_psyche, uniq_maggie, uniq_maurice
D:9:      layout_long_grid, gammafunk_temple_overflow_wave,
          kennysheep_generic_room_4, uniq_amaemon
D:10:     layout_irregular_city, grunt_dithmenos_smoke,
          nicolae_overflow_hidden_temple, david_lair_shrubbed, orc_0_dummy,
          serial_shops, shop
D:11:     layout_basic, enter_trove_2, gauntlet_entry_generic
Temple:   nicolae_temple_slightly_damp_pantheon
Gauntlet: gammafunk_gauntlet_77_escape_option
          [minmay_gauntlet_arena_77_squiggly,
          minmay_gauntlet_arena_77_run_for_it,
          minmay_gauntlet_arena_77_tiled_triplets,
          minmay_gauntlet_arena_77_p_blocks, minmay_gauntlet_arena_77_mirror,
          nicolae_gauntlet_exit_dead_adventurers]

Skill      XL: |  1  2  3  4  5  6  7  8  9 10 11 |
---------------+----------------------------------+-----
Axes           | 2 3 5 6 9 10 | 10.6
Fighting       | 5 7 10 13 14 | 14.2
Armour         | |  2.6
Shields        | |  2.6

Action                     |  1- 3 |  4- 6 |  7- 9 | 10-12 || total
---------------------------+-------+-------+-------+-------++-------
  Melee: War axe           |    94 |    82 |   195 |    13 ||   384
         Touch             |       |       |    43 |    21 ||    64
         Punch             |       |       |     2 |     2 ||     4
         Broad axe         |       |       |       |   124 ||   124
 Invoke: Heroism           |       |       |       |     1 ||     1
    Use: Scroll            |       |     4 |    11 |     4 ||    19
         Potion            |       |     1 |     1 |     3 ||     5
   Stab: Sleeping          |       |       |     1 |       ||     1
         Distracted        |       |       |       |     1 ||     1
 Armour: Scale mail        |    57 |    31 |       |       ||    88
         Troll leather arm |       |    20 |    93 |   128 ||   241
  Dodge: Dodged            |    40 |    48 |   164 |   241 ||   493
         Repelled          |       |       |     3 |     1 ||     4
  Block: Buckler           |    19 |    14 |       |       ||    33
